 Dungeon Crawl Stone Soup version 0.20-a0-1122-gb7cbeb9 (webtiles) character file.

203 Apsaras the Sneak (level 5, -4/35 HPs)
             Began as a Vampire Wizard on May 13, 2017.
             Was an Initiate of Wu Jian.
             Slain by a gnoll
             ... wielding a +2 halberd of venom
              (20 damage)
             ... on level 3 of the Dungeon.
             The game lasted 00:12:46 (6624 turns).

Apsaras the Sneak (Vampire Wizard)                  Turns: 6624, Time: 00:12:46

Health: -4/35      AC:  7    Str: 11    XL:     5   Next: 51%
Magic:  8/9        EV: 12    Int: 21    God:    Wu Jian [......]
Gold:   51         SH:  3    Dex: 13    Spells: 4/10 levels left

rFire    + . .     SeeInvis +   n - +2 dagger (pain)
rCold    + . .     Gourm    .   u - +0 buckler
rNeg     + . .     Faith    .   a - +0 robe
rPois    +         Spirit   .   p - +0 helmet
rElec    +         Reflect  .   (no cloak)
rCorr    +         Harm     .   h - +0 pair of gloves
MR       .....                  q - +2 pair of boots
Stlth    +++.......             (no amulet)
Regen    0.2/turn               (no ring)
MPRegen  0.2/turn               (no ring)

@: mighty, resistant
A: fangs 3, see invisible, unbreathing
a: Bat Form, Renounce Religion


You were on level 3 of the Dungeon.
You worshipped Wu Jian.
Wu Jian was noncommittal.
You were not thirsty.

You visited 1 branch of the dungeon, and saw 3 of its levels.

You collected 51 gold pieces.

Inventory:

Hand Weapons
 n - a +2 dagger of pain (weapon)
Armour
 a - a +0 robe (worn)
 h - a +0 pair of gloves (worn)
 p - a +0 helmet (worn)
 q - a +2 pair of boots (worn)
 u - a +0 buckler (worn)
Scrolls
 e - a scroll of magic mapping
 l - a scroll of recharging {unknown}
 m - a scroll of amnesia {unknown}
 o - a scroll of enchant weapon
 s - a scroll of teleportation {unknown}
Potions
 b - a potion of blood
 i - a potion of cancellation {unknown}
 j - a potion of haste {unknown}
Books
 c - a book of Minor Magic

   Spells                             Type                      Level
   a - Magic Dart                     Conjuration                  1
   b - Blink                          Translocation                2
   c - Call Imp                       Summoning                    2
   d - Slow                           Hexes                        2
   e - Conjure Flame                  Conjuration/Fire             3
   f - Mephitic Cloud                 Conjuration/Poison/Air       3


   Skills:
 - Level 2.1 Dodging
 + Level 5.6 Stealth
 - Level 3.0 Spellcasting
 - Level 3.0 Conjurations
   Level 1.0 Summonings
 - Level 0.7 Translocations
 * Level 1.6 Air Magic


You had 4 spell levels left.
You knew the following spells:

 Your Spells              Type           Power        Failure   Level  Hunger
a - Magic Dart            Conj           ###.         6%          1    None
b - Blink                 Tloc           N/A          26%         2    ##.....
c - Mephitic Cloud        Conj/Pois/Air  #.......     34%         3    ###....


Dungeon Overview and Level Annotations

Branches:
Dungeon (3/15)

Altars:
Ashenzari
Kikubaaqudgha
Sif Muna
Wu Jian

Annotations:
D:3 Sigmund


Innate Abilities, Weirdness & Mutations

You have razor-sharp teeth.
You have supernaturally acute eyesight. (SInv)
You can survive without breathing.


Message History

It is a scroll of enchant weapon.
Your +1 dagger of pain glows red for a moment.
The rat misses you.
Okay, then.
It was a potion of resistance.
You feel protected. The rat misses you. The gnoll barely misses you.
It was a potion of might.
You feel very mighty all of a sudden. The rat bites you.
* * * LOW HITPOINT WARNING * * *
The gnoll misses you.
It was a potion of curing.
You feel better.
The rat twitches its whiskers.
The rat closely misses you. The gnoll closely misses you.
The kobold barely misses you. You block the rat's attack.
The gnoll hits you from afar with a halberd of venom!!
Ouch! That really hurt!
You die...

#.........
#....%......
#...........
#....?......
#...........
#...........
#..g........
#..r........
#..K@.......
############


You could see a gnoll, a kobold and a rat.

Vanquished Creatures
  Natasha (thrice) (D:2)
  5 adders (D:2)
  An ooze (D:1)
  2 worms (D:2)
  2 dart slugs (D:2)
  8 bats
  7 giant cockroaches
  9 goblins
  10 hobgoblins
  3 jackals (D:1)
  2 quokkas (D:2)
  A ball python (D:2)
  7 frilled lizards (D:1)
  6 kobolds
  5 rats
71 creatures vanquished.

Notes
Turn   | Place    | Note
-------+----------+-------------------------------------------
     0 | D:1      | Apsaras the Vampire Wizard began the quest for the Orb.
     0 | D:1      | Reached XP level 1. HP: 13/13 MP: 4/4
   346 | D:1      | Reached skill level 1 in Conjurations
   400 | D:1      | Reached XP level 2. HP: 19/19 MP: 1/6
   914 | D:1      | Reached XP level 3. HP: 24/24 MP: 3/7
  3036 | D:2      | Found a deep blue altar of Sif Muna.
  3050 | D:2      | Noticed Natasha
  3061 | D:2      | Killed Natasha
  3061 | D:2      | Reached skill level 4 in Stealth
  3061 | D:2      | Reached XP level 4. HP: 16/30 MP: 0/8
  3170 | D:2      | Noticed Natasha
  3837 | D:2      | Found a shattered altar of Ashenzari.
  3890 | D:2      | Learned a level 2 spell: Blink
  3894 | D:2      | Learned a level 3 spell: Mephitic Cloud
  4022 | D:2      | Found an ancient bone altar of Kikubaaqudgha.
  4641 | D:2      | Found an ornate altar of the Wu Jian Council.
  4724 | D:2      | Became a worshipper of the Wu Jian Council
  4786 | D:2      | Found a shattered altar of Ashenzari.
  4800 | D:2      | Killed Natasha
  4800 | D:2      | Reached skill level 5 in Stealth
  4800 | D:2      | Reached XP level 5. HP: 18/35 MP: 2/9
  4891 | D:2      | Found an ancient bone altar of Kikubaaqudgha.
  5003 | D:2      | Noticed Natasha
  5019 | D:2      | Killed Natasha
  5095 | D:2      | Reached skill level 1 in Air Magic
  5128 | D:2      | Found a deep blue altar of Sif Muna.
  5668 | D:2      | Found a shattered altar of Ashenzari.
  6318 | D:2      | Found a deep blue altar of Sif Muna.
  6407 | D:2      | Found an ornate altar of the Wu Jian Council.
  6540 | D:3      | Noticed Sigmund
  6624 | D:3      | Slain by a gnoll

Vault maps used:
D:1:      dpeg_arrival_pond, st_stairs_4, minmay_misc_feat_square,
          minmay_lizard_pond
D:2:      marbit_many_paths, lemuel_blue_sif_altar, evilmike_ruin_ashenzari,
          lemuel_crystal_altar, first_bread, uniq_natasha
D:3:      uniq_sigmund

Skill      XL: |  1  2  3  4  5 |
---------------+----------------+-----
Conjurations   | 1 2 3 |  3.0
Stealth        | 4 5 |  5.6
Air Magic      | 1 |  1.6
Dodging        | |  2.1
Spellcasting   | |  3.0
Summonings     | |  1.0
Translocations | |  0.7

Action                   |  1- 3 |  4- 6 || total
-------------------------+-------+-------++-------
Melee: Unarmed           |    37 |     2 ||    39
       Bite              |     2 |     6 ||     8
       Dagger            |       |    62 ||    62
 Cast: Magic Dart        |    77 |   106 ||   183
       Mephitic Cloud    |       |     1 ||     1
  Use: Potion            |     4 |    15 ||    19
       Scroll            |       |     3 ||     3
 Stab: Distracted        |       |     1 ||     1
       Sleeping          |       |     1 ||     1
Armor: Robe              |    11 |    22 ||    33
Dodge: Dodged            |    26 |    49 ||    75
Block: Buckler           |       |     4 ||     4
